 Dungeon Crawl Stone Soup version 0.21-a0-531-gacddea6 (webtiles) character file.

98 slep the Chopper (level 4, -6/23 HPs)
             Began as a Vine Stalker Gladiator on Dec 13, 2017.
             Killed by divine providence
             ... invoked by an orc priest
              (9 damage)
             ... on level 3 of the Dungeon.
             The game lasted 00:05:37 (1560 turns).

slep the Chopper (Vine Stalker Gladiator)           Turns: 1560, Time: 00:05:38

Health: -6/23      AC:  5    Str: 17    XL:     4   Next: 69%
Magic:  0/5        EV: 10    Int:  8    God:
Gold:   93         SH:  7    Dex: 16    Spells: 3/3 levels left

rFire    . . .     SeeInvis .   a - +0 war axe
rCold    . . .     Gourm    .   x - +0 shield (curse)
rNeg     . . .     Faith    .   b - +0 leather armour
rPois    .         Spirit   +   c - +0 helmet
rElec    .         Reflect  .   (no cloak)
rCorr    +         Harm     .   r - +0 pair of gloves
MR       .....     Rnd*Tele +   (no boots)
Stlth    +.........             h - amulet of regeneration
HPRegen  0.87/turn              e - ring of resist corrosion
MPRegen  0.09/turn              m - ring of teleportation (curse)

@: no status effects
A: fangs 2, regeneration 1, magic shield, antimagic bite, no potion heal 3, rot
immunity
a: no special abilities


You were on level 3 of the Dungeon.
You were not hungry.

You visited 1 branch of the dungeon, and saw 3 of its levels.

You collected 93 gold pieces.

Inventory:

Hand Weapons
 a - a +0 war axe (weapon)
 j - a cursed -3 spear
Missiles
 d - 3 throwing nets (quivered)
Armour
 b - a +0 leather armour (worn)
 c - a +0 helmet (worn)
 r - a +0 pair of gloves (worn)
 x - a cursed +0 shield (worn)
Jewellery
 e - a ring of resist corrosion (left hand)
 h - an amulet of regeneration (around neck)
 m - a cursed ring of teleportation (right hand)
Scrolls
 g - 4 scrolls of teleportation {unknown}
 i - 5 scrolls of identify {unknown}
 l - a scroll of enchant weapon {unknown}
 n - a scroll of immolation {unknown}
 o - a scroll of fog {unknown}
 s - a scroll of blinking {unknown}
 t - a scroll of remove curse {unknown}
Potions
 k - 2 potions of heal wounds {unknown}
 p - 2 potions of curing {unknown}
 q - a potion of lignification {unknown}
Comestibles
 f - 4 bread rations
 v - 4 fruits
 w - a meat ration


   Skills:
 + Level 2.2 Fighting
 + Level 3.8 Axes
 + Level 1.9 Throwing
 + Level 1.3 Armour
 + Level 2.6 Dodging
 + Level 0.5 Stealth


You had 3 spell levels left.
You didn't know any spells.

Dungeon Overview and Level Annotations

Branches:
Dungeon (3/15)

Altars:
Elyvilon
Gozag
Makhleb
The Shining One


Innate Abilities, Weirdness & Mutations

You have extremely sharp teeth.
Your natural rate of healing is unusually fast.
When hurt, damage is shared between your health and your magic reserves.
Your bite disrupts and absorbs the magic of your enemies.
Potions cannot restore your health.
You are immune to rotting.


Message History

The orc priest looks encouraged for a moment.
The orc warrior barely misses you.
You hit the orc warrior but do no damage.
Your bite misses the orc warrior.
The orc warrior is heavily wounded.
You block the orc priest's attack. The orc warrior closely misses you.
The orc priest invokes the aid of Beogh against you.
Beogh smites you!
You hear a shout!
You hit the orc warrior.
The orc warrior is severely wounded.
The orc priest looks satisfied for a moment.
The orc warrior hits you with a hand axe!
* * * LOW HITPOINT WARNING * * *
The orc priest hits you from afar with a trident.
* * * LOW HITPOINT WARNING * * *
You block the orc warrior's attack.
The orc priest calls down the wrath of Beogh upon you.
Beogh smites you!
You die...

#..#.###.####.#.###.#
##....# #.####.......#
#.....###.##.........#
..........##.###.###.#
###.####### #.# #.#
#.# #.# #.# #.# #.#
#(# ##'## #.###.###.#
##...## #....@....#
#.....## #####.#####
.......# #o# ........#
#o# ........+ .o#
........# ...
.......## o###
#.....## . ##...## #.


You could see an orc warrior and 2 orc priests.

Vanquished Creatures
  5 adders
  3 worms
  A dart slug (D:2)
  An orc (D:3)
  5 giant cockroaches
  4 goblins
  5 hobgoblins
  2 ball pythons
  9 bats
  A frilled lizard (D:2)
  2 kobolds (D:1)
  5 rats
43 creatures vanquished.

Notes
Turn   | Place    | Note
-------+----------+-------------------------------------------
     0 | D:1      | slep the Vine Stalker Gladiator began the quest for the Orb.
     0 | D:1      | Reached XP level 1. HP: 11/11 MP: 2/2
   214 | D:1      | Reached XP level 2. HP: 13/15 MP: 3/3
   215 | D:1      | Reached skill level 3 in Axes
   592 | D:1      | You fall through a shaft!
   641 | D:2      | Reached XP level 3. HP: 18/18 MP: 4/4
   715 | D:2      | Reached skill level 1 in Armour
   917 | D:3      | Gained mutation: Your natural rate of healing is unusually fast. [Vine Stalker growth]
   917 | D:3      | Reached XP level 4. HP: 22/23 MP: 5/5
   970 | D:2      | Found a glowing golden altar of the Shining One.
   970 | D:2      | Found an opulent altar of Gozag.
   972 | D:2      | Found a white marble altar of Elyvilon.
  1246 | D:3      | Found a burning altar of Makhleb.
  1553 | D:3      | Noticed an orc warrior
  1560 | D:3      | Killed from afar by an orc priest

Vault maps used:
D:1:      lemuel_arrival_cross
D:2:      gammafunk_temple_overflow_claw, first_bread, minivault_19
D:3:      bloody_makhleb

Skill      XL: |  1  2  3 |
---------------+----------+-----
Axes           | 3 |  3.8
Fighting       | 2 |  2.2
Armour         | 1 |  1.3
Throwing       | |  1.9
Dodging        | |  2.6
Stealth        | |  0.5

Action                   |  1- 3 |  4- 6 || total
-------------------------+-------+-------++-------
Melee: War axe           |    76 |    32 ||   108
       Bite              |    18 |     7 ||    25
 Stab: Sleeping          |     2 |     1 ||     3
  Eat: Chunk             |       |     2 ||     2
Armor: Leather armour    |    32 |     6 ||    38
Dodge: Dodged            |    64 |    21 ||    85
Block: Shield            |       |     4 ||     4

Table legend:
 A = Spawn XP
 B = Non-spawn XP
 C = Spawn XP percentage of total XP
 D = Spawn monster count
 E = Non-spawn monster count
 F = Spawn count percentage of total count
 G = Total turns spent on level
                    A         B        C        D         E        F      G
               +---------+---------+-------+---------+---------+-------+---------
         Total |       0 |     140 |   0.0 |       0 |      43 |   0.0 |  1560
               +---------+---------+-------+---------+---------+-------+---------
           D:1 |       0 |      29 |   0.0 |       0 |      19 |   0.0 |   666
           D:2 |       0 |      50 |   0.0 |       0 |      13 |   0.0 |   480
           D:3 |       0 |      61 |   0.0 |       0 |      11 |   0.0 |   414
               +---------+---------+-------+---------+---------+-------+---------
